 Dungeon Crawl Stone Soup version 0.31.0-12-g77e489cdc1 (webtiles) character file.

Game seed: 6024524176407065295

0 PaiMei the Thaumaturge (level 1, 0/13 HPs)
             Began as a Gnoll Wanderer on Mar 5, 2024.
             Slain by a quokka (5 damage)
             ... on level 1 of the Dungeon.
             The game lasted 00:00:50 (118 turns).

PaiMei the Thaumaturge (Gnoll Wanderer)              Turns: 118, Time: 00:00:50

Health: 0/13       AC:  2    Str:  8    XL:     1   Next: 10%
Magic:  9/10       EV: 11    Int: 10    God:
Gold:   22         SH:  0    Dex: 15    Spells: 17/18 levels left

rFire   . . .        a - +0 dagger
rCold   . . .        (no shield)
rNeg    . . .        d - +0 robe
rPois   .            (no helmet)
rElec   .            (no cloak)
rCorr   .            (no gloves)
SInv    .            (no boots)
Will    .....        (no amulet)
Stlth   +            (no ring)
HPRegen 0.22/turn    (no ring)
MPRegen 0.12/turn

%: no passive effects
@: no status effects
A: fangs 1, strong nose, distributed training
a: no special abilities


You were on level 1 of the Dungeon.
You visited 1 branch of the dungeon, and saw 1 of its levels.

You collected 22 gold pieces.

Inventory:

Hand Weapons
 a - a +0 dagger (weapon)
Missiles
 b - 7 poisoned darts (quivered)
Armour
 d - a +0 robe (worn)
Scrolls
 c - a scroll of blinking
Potions
 e - a potion of ambrosia {unknown}
 f - a potion of lignification {unknown}


   Skills:
 + Level 0.0 Fighting
 + Level 0.0 Short Blades
 + Level 0.0 Long Blades
 + Level 0.0 Axes
 + Level 0.0 Maces & Flails
 + Level 0.0 Polearms
 + Level 0.0 Staves
 + Level 0.0 Ranged Weapons
 + Level 2.3 Throwing
 + Level 0.0 Armour
 + Level 0.0 Dodging
 + Level 0.0 Stealth
 + Level 0.0 Shields
 + Level 0.0 Unarmed Combat
 + Level 9.2 Spellcasting
 + Level 0.0 Conjurations
 + Level 0.0 Hexes
 + Level 0.0 Summonings
 + Level 0.0 Necromancy
 + Level 0.0 Translocations
 + Level 5.3 Fire Magic
 + Level 0.0 Ice Magic
 + Level 0.0 Air Magic
 + Level 0.0 Earth Magic
 + Level 0.0 Alchemy
 + Level 0.0 Invocations
 + Level 4.4 Evocations
 + Level 0.0 Shapeshifting


You had 17 spell levels left.
You knew the following spells:

 Your Spells              Type           Power      Damage    Failure   Level
a - Foxfire               Conj/Fire      36%        2x1d5     4%          1

Your spell library contained the following spells:

 Spells                   Type           Power      Damage    Failure   Level
 Scorch                   Fire           30%        2d6       2%          2
 Cigotuvi's Dreadful Rot  Necr/Alch/Air  8%         N/A       22%         2
 Mercury Vapours          Alch/Air       8%         N/A       22%         2
 Ignite Poison            Fire/Alch      9%         N/A       45%         4


Dungeon Overview and Level Annotations

Branches:
Dungeon (1/15)

Altars:


Innate Abilities, Weirdness & Mutations

You have very sharp teeth.
Your uncanny sense of smell can sniff out nearby items.
Your experience applies equally to all skills.


Message History

You kill the rat!
You see here a rat corpse.
HP restored.
You see here a rat corpse.
f - an amethyst potion You now have 22 gold pieces (gained 13).
As you open the door, it creaks loudly!
A quokka and a kobold come into view.
The kobold shouts!
You hear a shout!
The kobold throws a stone.
The stone misses you.
The quokka moves out of view.
You start waiting.
A kobold is nearby!
A hobgoblin comes into view.
The hobgoblin shouts!
The kobold hits you with a +0 short sword.
You completely miss the kobold. The kobold barely misses you.
You barely miss the kobold. You bite the kobold, but do no damage.
The kobold closely misses you.
You closely miss the kobold. The kobold hits you but does no damage.
You hit the kobold but do no damage.
The kobold hits you with a +0 short sword.
You hit the kobold but do no damage.
The kobold hits you with a +0 short sword.
Casting: Foxfire (safe; 4% risk of failure)
Confirm with . or Enter, or press ? or * to list all spells.
You conjure some foxfire!
The kobold hits you but does no damage.
Throw: 8 darts (poison)
Press: ? - help, Q - select action, (/) - cycle Shift-Dir - straight line, f - kobold
Aim: a kobold, wielding a +0 short sword and quivering stones (ally target, 47% to hit)
You throw a poisoned dart.
The poisoned dart closely misses the kobold.
The foxfire hits the kobold but does no damage.
The foxfire hits the kobold.
The kobold is heavily wounded.
The kobold attacks as it pursues you!
The kobold hits you with a +0 short sword.
The kobold hits you but does no damage. The quokka attacks as it pursues you!
The quokka bites you.
The kobold throws a stone.
The stone barely misses you. The quokka bites you.
You die...

##. #.. .. #.#
######. #.# ∆
......##(#####
#...........# ∆
#.....g.....+ #
###.....K.....# ##
#.......r.†...# ##.
#......@####### #..
#.......### ###..
##.........#
####....
...........#
##....###
.[..##.....#
##.#..#### ....
#.....### #...#...##
..
#.......###..####..#
#.....#.....## #..#.
############# ##..#


You could see a quokka, a hobgoblin and a kobold.

Vanquished Creatures
  A rat (D:1)
1 creature vanquished.

Vanquished Creatures (others)
  2 foxfires (D:1)
2 creatures vanquished.

Grand Total: 3 creatures vanquished

Notes
Turn   | Place    | Note
-------+----------+-------------------------------------------
     0 | D:1      | Reached skill level 9 in Spellcasting
     0 | D:1      | PaiMei the Gnoll Wanderer began the quest for the Orb.
     0 | D:1      | PaiMei set off with the following items: a +0 dagger, 8
                  | poisoned darts, a scroll of blinking, a +0 robe; and the
                  | following spell memorised: Foxfire; and the following
                  | spells available to memorise: Scorch, Cigotuvi's Dreadful
                  | Rot, Mercury Vapours, Ignite Poison.
     0 | D:1      | Reached XP level 1. HP: 13/13 MP: 10/10
   118 | D:1      | Slain by a quokka

Illustrated notes

Levels and vault maps discovered:
D:1:      lemuel_arrival_tunnels, layout_basic

Skill      XL: | |
---------------+-+-----
Spellcasting   | |  9.2
Throwing       | |  2.3
Fire Magic     | |  5.3
Evocations     | |  4.4

Action                     || total
---------------------------++-------
  Melee: Dagger            ||     8
         Bite              ||     2
  Throw: Dart              ||     1
   Cast: Foxfire           ||     1
 Armour: Robe              ||    11
  Dodge: Dodged            ||     4
